 Dungeon Crawl Stone Soup version 0.28.0-43-g3370ac3207 (webtiles) character file.

Game seed: 1076865110678954490

172196 raph the Impaler (level 17, -20/210 HPs)
             Began as a Merfolk Berserker on Mar 18, 2022.
             Was a High Priest of Trog.
             Demolished by a spriggan rider
             ... wielding a +3 antimagic spear
              (28 damage)
             ... on level 2 of the Lair of Beasts.
             The game lasted 00:53:48 (39717 turns).

raph the Impaler (Merfolk Berserker)               Turns: 39717, Time: 00:53:48

Health: -20/210    AC: 17    Str: 20    XL:     17   Next: 73%
Magic:  0/17       EV: 24    Int:  6    God:    Trog [*****.]
Gold:   1508       SH:  0    Dex: 19    Spells: 16/16 levels left

rFire   . . .      SeeInvis +   a - +12 glaive of Resourcefulness {speed, rElec}
rCold   + + +      Faith    +   (shield currently unavailable)
rNeg    . . .      Spirit   .   w - +4 skin of Zhor {*Englaciate rC+++ SInv}
rPois   +          Reflect  .   r - +1 helmet
rElec   +          Harm     .   m - +0 cloak
rCorr   .          Rampage  .   F - +1 pair of gloves
Will    +....                   n - +0 pair of boots
Stlth   ..........              t - amulet of faith
HPRegen 0.45/turn               h - ring of poison resistance
MPRegen 0.15/turn               E - +4 ring of protection

@: berserking (expiring), very quick
A: (nimble swimmer 2), mertail
}: 1/15 runes: barnacled
a: Renounce Religion, Berserk, Trog's Hand, Brothers in Arms


You were on level 2 of the Lair of Beasts.
You worshipped Trog.
Trog was extremely pleased with you.
You visited 6 branches of the dungeon, and saw 29 of its levels.

You collected 2912 gold pieces.
You spent 1404 gold pieces at shops.

Inventory:

Hand Weapons
 a - the +12 glaive of Resourcefulness (weapon) {speed, rElec}
   (You acquired it on level 6 of the Dungeon)

   Attacks with this weapon are significantly faster.
   rElec:     It insulates you from electricity.
 b - the +7 glaive "Tuaga" {flame, *Noise rElec Will+}
   (Trog gifted it to you on level 10 of the Dungeon)

   It burns those it strikes, dealing additional fire damage.
   Big, fiery blades are also staple armaments of hydra-hunters.
   rElec:     It insulates you from electricity.
   *Noise:    It may make noises in combat.
   Will:      It increases your willpower.
 e - a +1 bardiche of freezing
 L - a +3 demon trident of freezing
 T - the +9 spear of the Orcish Mines {vorpal, Fly Int+4 Dex+4}
   (You found it on level 5 of the Lair of Beasts)

   It inflicts extra damage upon your enemies.
   Int:       It affects your intelligence (+4).
   Dex:       It affects your dexterity (+4).
   Fly:       It grants you flight.
Missiles
 d - 8 throwing nets
 z - 95 poisoned darts
 P - 21 curare-tipped darts
 V - 16 boomerangs (quivered)
 Z - 4 boomerangs of dispersal
Armour
 m - a +0 cloak (worn)
 n - a +0 pair of boots (worn)
 r - a +1 helmet (worn)
 w - the +4 skin of Zhor (worn) {*Englaciate rC+++ SInv}
   (You found it on level 7 of the Dungeon)

   It radiates cold, occasionally slowing all nearby creatures who are not
   resistant to cold.
   rC:        It renders you almost immune to cold.
   SInv:      It lets you see invisible.
 F - a +1 pair of gloves (worn)
 R - a +0 kite shield of fire resistance
Jewellery
 h - a ring of poison resistance (left hand)
 q - a ring of protection from fire
 t - an amulet of faith (around neck)
 x - a +4 ring of evasion
 A - a +6 ring of strength
 E - a +4 ring of protection (right hand)
Wands
 g - a wand of flame (27)
 B - a wand of paralysis (10)
 O - a wand of digging (9)
 Q - a wand of iceblast (21)
 U - a wand of acid (7)
Scrolls
 c - a scroll of holy word
 l - 11 scrolls of teleportation
 s - a scroll of silence
 C - 6 scrolls of identify
 I - 6 scrolls of blinking
 M - 5 scrolls of fear
 W - a scroll of enchant weapon
 X - 4 scrolls of magic mapping
 Y - 2 scrolls of fog
Potions
 j - 3 potions of flight
 k - 4 potions of might
 o - 9 potions of haste
 p - a potion of invisibility
 u - 8 potions of curing
 v - 5 potions of heal wounds
 D - 2 potions of resistance
 G - 3 potions of cancellation
 J - 3 potions of ambrosia
 S - 2 potions of mutation
Miscellaneous
 f - a lightning rod (4/4)
 i - a phial of floods
 y - a box of beasts
 H - a condenser vane
 K - a phantom mirror


   Skills:
 + Level 14.7 Fighting
 - Level 20.0 Polearms
 + Level 12.1 Throwing
 - Level 4.8 Armour
 + Level 17.1 Dodging
 + Level 15.6 Stealth
 - Level 4.8 Shields
 + Level 14.1 Evocations


You had 16 spell levels left.
You didn't know any spells.
Your spell library was empty.

Dungeon Overview and Level Annotations

Branches:
Dungeon (15/15)            Temple (1/1) D:4            Lair (6/6) D:9
 Shoals (4/4) Lair:2       Spider (1/4) Lair:3        Slime (0/5) Lair:6
    Orc (2/2) D:9             Elf (0/3) Orc:2        Vaults (0/5) D:14
 Depths (0/4) D:15

Altars:
Ashenzari
Cheibriados
Dithmenos
Elyvilon
Fedhas
Gozag
Hepliaklqana
Kikubaaqudgha
Makhleb
Nemelex Xobeh
Okawaru
Qazlal
Ru
Sif Muna
Trog
Uskayaw
Vehumet
Wu Jian
Xom
Yredelemnul
Zin
The Shining One
Beogh
Lugonu

Shops:
D:6 (   D:13 *   Orc:2 ?*=(   Shoals:1 :   Shoals:3 !

Portals:
Abyss: Lair:6

Annotations:
Lair:2 1 transporter, Ciovowug's ghost, journeyman DrTm
Spider:1 2 transporters


Innate Abilities, Weirdness & Mutations

((You are very nimble when in or above water. (Stealth+, EV+, Speed+++)))
Your lower body shifts to a powerful aquatic tail in water.


Message History

You kill the moth of wrath!
Trog accepts your kill. The spriggan completely misses you.
Ciovowug's ghost misses you.
You miss Ciovowug's ghost.
Ciovowug's ghost is moderately damaged.
The spriggan rider hits you from afar with a +3 antimagic spear!!
* * * LOW HITPOINT WARNING * * *
You miss Ciovowug's ghost.
Ciovowug's ghost is moderately damaged.
The spriggan rider misses you.
You slice Ciovowug's ghost!!
Ciovowug's ghost is severely damaged.
The spriggan rider completely misses you.
The spriggan hits you with a +0 rapier!
* * * LOW HITPOINT WARNING * * *
Ciovowug's ghost hits you but does no damage.
You closely miss Ciovowug's ghost.
Ciovowug's ghost is heavily damaged.
You barely miss Ciovowug's ghost.
Ciovowug's ghost is heavily damaged.
The spriggan rider closely misses you. The spriggan rider misses you.
You slice Ciovowug's ghost!!
Ciovowug's ghost is severely damaged.
The spriggan closely misses you.
You closely miss Ciovowug's ghost.
Ciovowug's ghost is severely damaged.
Ciovowug's ghost hits you.
* * * LOW HITPOINT WARNING * * *
The spriggan rider hits you but does no damage.
You closely miss Ciovowug's ghost.
Ciovowug's ghost is severely damaged.
You hit Ciovowug's ghost.
Ciovowug's ghost is severely damaged.
The spriggan rider hits you from afar with a +1 antimagic trident!!
* * * LOW HITPOINT WARNING * * *
You feel your power leaking away.
You closely miss Ciovowug's ghost.
Ciovowug's ghost is severely damaged.
The spriggan rider hits you from afar with a +3 antimagic spear!!
You die...

##≈.##≈P...# ###....##...........
#....#....####≈#.######..........
##P....#..#..##(:.≈#..#.........P
##........#.iy.._.##.©#......#.##
#.........#..##.......#....#..##
..........##.# ≈#....##...#.###
#..........#ii##.i...#...#.###
#..........###iiW)..##....#..#
#...........###†@)###........###
#.#...........#####............#
................©..............##
............##..................#
##..................#...........#
#####...........#................
#P#.....##.###P##............
#####...#### #####...........
##### ###.###.####


You could see 2 spriggan riders, 3 spriggans and Ciovowug's ghost.

Vanquished Creatures
  Rupert (Orc:2)
  Polyphemus (Shoals:4)
  A kraken (Shoals:2)
  Roxanne (Shoals:1)
  Aizul (Spider:1)
  Louise (Shoals:4)
  A stone giant (D:15)
  A very ugly thing (D:14)
  A dire elephant (Lair:6)
  A fire dragon (D:14)
  A merfolk javelineer (Shoals:4)
  Josephine (Orc:2)
  4 merfolk impalers
  Harold (D:7)
  3 vault guards (D:14)
  6 hydras
  The ghost of diceflayer the Warrior, a novice MiFi of Okawaru (D:10)
  3 boulder beetles
  3 ogre magi
  5 centaur warriors
  4 merfolk aquamancers
  3 catoblepae
  8 merfolk avatars
  5 death yaks
  3 dancing weapons (D:14)
  An alligator snapping turtle (Shoals:4)
  A satyr (Shoals:4)
  13 two-headed ogres
  4 thrashing horrors (Lair:6)
  8 tengu warriors
  Urug (D:13)
  Sonja (Lair:5)
  2 fire crabs (Shoals:4)
  An iron troll (Orc:2)
  11 sea snakes
  A large abomination (Lair:6)
  A pharaoh ant (Spider:1)
  An orb spider (Spider:1)
  A deep troll (Orc:2)
  3 orc knights
  Pikel (D:5)
  14 harpies
  12 ugly things
  2 wolf spiders (Spider:1)
  An oklob plant (Orc:2)
  An orc sorcerer (D:14)
  2 moths of wrath (Lair:2)
  5 cyclopes
  11 manticores
  6 merfolk sirens
  6 fauns
  13 elephants
  2 black mambas
  Maurice (Orc:2)
  4 water nymphs
  2 gargoyles
  A torpor snail (Lair:3)
  18 cane toads
  4 smoke demons (Lair:6)
  5 kobold demonologists
  2 efreet
  4 rime drakes
  9 komodo dragons
  2 ancient zymes (Lair:6)
  10 trolls
  3 tarantellas (Spider:1)
  26 merfolk
  A hornet (D:7)
  4 polar bears
  A meliai (Lair:3)
  3 wind drakes
  Prince Ribbit (Lair:3)
  11 dream sheep
  3 slime creatures (D:14)
  10 snapping turtles
  18 blink frogs
  A jumping spider (Spider:1)
  Sigmund (D:2)
  4 shadows (D:9)
  2 culicivoras (Spider:1)
  4 spriggans
  14 water elementals
  6 wraiths
  Eustachio (D:6)
  A vampire (D:11)
  3 wyverns
  A fire bat (Shoals:4)
  5 basilisks
  3 humans (D:14)
  21 yaks
  6 steam dragons
  2 chaos spawn (Lair:6)
  4 redbacks (Spider:1)
  Menkaure (D:6)
  3 wargs
  An acid dragon (D:4)
  11 water moccasins
  8 orc warriors
  An ice beast (D:6)
  3 sky beasts (D:9)
  2 black bears
  A meliai simulacrum (D:14)
  18 ogres
  6 necrophages
  An ogre (shapeshifter) (Lair:6)
  6 wolves
  17 centaurs
  5 phantoms
  9 small abominations (Lair:6)
  A lemure (D:4)
  Blork the orc (D:6)
  21 kobold brigands
  17 bullfrogs
  4 gnoll sergeants
  3 scorpions
  2 troll zombies (D:9)
  6 killer bees (Lair:3)
  A howler monkey (D:4)
  15 wights
  4 electric eels
  A bullfrog zombie (D:6)
  3 centaur zombies
  2 gnoll shamans
  6 hounds
  A centaur skeleton (D:7)
  A human zombie (D:9)
  12 orc priests
  Crazy Yiuf (D:2)
  15 jellies
  2 bullfrog skeletons
  2 iguanas
  14 orc wizards
  A killer bee zombie (D:9)
  4 ogre zombies (D:9)
  A hound skeleton (D:4)
  4 howler monkey zombies
  2 mummies (D:9)
  27 gnolls
  11 adders
  2 shadow imps (D:10)
  A white imp (D:6)
  2 ufetubi
  An adder skeleton (D:4)
  2 worms
  A dart slug (D:4)
  37 orcs
  3 ball pythons
  7 endoplasms
  3 giant cockroaches
  14 goblins
  7 hobgoblins
  2 jackals (D:1)
  2 quokkas (D:2)
  3 bats
  A frilled lizard (D:1)
  2 goblin skeletons (D:9)
  6 goblin zombies (D:9)
  A hobgoblin skeleton (D:9)
  35 kobolds
  9 kobold skeletons (D:10)
  9 kobold zombies (D:10)
  2 orc skeletons (D:9)
  8 orc zombies (D:9)
  2 rats
849 creatures vanquished.

Vanquished Creatures (collateral kills)
  A vault guard (D:14)
  A catoblepas (Shoals:4)
  A merfolk aquamancer (Shoals:4)
  3 death yaks (Shoals:4)
  A harpy (Shoals:4)
  2 manticores (Shoals:4)
  2 fauns (Shoals:4)
  A snapping turtle (Shoals:4)
  An orc wizard (Orc:1)
  An orc (Orc:1)
14 creatures vanquished.

Vanquished Creatures (others)
  A harpy (Shoals:4)
  A killer bee (shapeshifter) (Lair:6)
  A bush (Lair:1)
  19 fungi
  62 plants
84 creatures vanquished.

Grand Total: 947 creatures vanquished

Notes
Turn   | Place    | Note
-------+----------+-------------------------------------------
     0 | D:1      | raph the Merfolk Berserker began the quest for the Orb.
     0 | D:1      | Reached XP level 1. HP: 18/18 MP: 1/1
   198 | D:1      | Reached skill level 5 in Polearms
   477 | D:1      | Reached XP level 2. HP: 24/24 MP: 2/2
   884 | D:1      | Found a faded altar of an unknown god.
  1176 | D:2      | Noticed Sigmund
  1186 | D:2      | Killed Sigmund
  1187 | D:2      | Reached skill level 8 in Polearms
  1187 | D:2      | Reached XP level 3. HP: 29/29 MP: 3/3
  1187 | D:2      | Reached XP level 4. HP: 35/35 MP: 4/4
  1187 | D:2      | Reached XP level 5. HP: 41/41 MP: 5/5
  1424 | D:2      | Reached skill level 9 in Polearms
  1829 | D:2      | Found a runed translucent door.
  1830 | D:2      | Noticed Crazy Yiuf
  1839 | D:2      | Killed Crazy Yiuf
  2150 | D:3      | Reached XP level 6. HP: 47/47 MP: 6/6
  2849 | D:3      | Found a sacrificial altar of Ru.
  3078 | D:4      | Found a stormy altar of Qazlal.
  3093 | D:4      | Found a staircase to the Ecumenical Temple.
  3162 | D:4      | Found a white marble altar of Elyvilon.
  3178 | D:4      | Reached skill level 10 in Polearms
  3426 | D:4      | Noticed a steam dragon
  3436 | D:4      | Killed a steam dragon
  3437 | D:4      | Reached skill level 11 in Polearms
  3437 | D:4      | Reached XP level 7. HP: 52/52 MP: 7/7
  3831 | D:4      | Reached skill level 12 in Polearms
  4218 | D:4      | Found a radiant altar of Vehumet.
  4288 | D:4      | Found a shadowy altar of Dithmenos.
  4399 | D:4      | Reached ** piety under Trog
  4408 | D:4      | Reached skill level 1 in Stealth
  4564 | D:4      | Found a shimmering altar of Xom.
  4701 | D:4      | Reached skill level 1 in Shields
  4701 | D:4      | Reached XP level 8. HP: 27/60 MP: 8/8
  5248 | Temple   | Entered the Ecumenical Temple
  5788 | D:5      | Entered Level 5 of the Dungeon
  5804 | D:5      | Found an ornate altar of the Wu Jian Council.
  5811 | D:5      | Noticed a wyvern
  5822 | D:5      | Killed a wyvern
  6164 | D:5      | Noticed Pikel
  6183 | D:5      | Killed Pikel
  6317 | D:5      | Found a large runed translucent door.
  6321 | D:5      | Found a large runed translucent door.
  6406 | D:5      | Found a broken altar of Ashenzari.
  6528 | D:5      | Reached XP level 9. HP: 67/67 MP: 9/9
  6532 | D:5      | Reached skill level 5 in Fighting
  6532 | D:5      | Reached skill level 5 in Dodging
  7137 | D:5      | Found a shimmering blue altar of Sif Muna.
  7238 | D:6      | Noticed Blork the orc
  7248 | D:6      | Killed Blork the orc
  7542 | D:6      | Reached skill level 13 in Polearms
  7607 | D:6      | Noticed Eustachio
  7623 | D:6      | Killed Eustachio
  7637 | D:6      | Reached skill level 5 in Stealth
  7841 | D:6      | Reached *** piety under Trog
  8097 | D:6      | Found Fawibla Coma's Antique Weapon Shop.
  8105 | D:6      | Bought a glowing trident for 208 gold pieces
  8244 | D:6      | Noticed Menkaure
  8249 | D:6      | Killed Menkaure
  8250 | D:6      | Reached XP level 10. HP: 76/76 MP: 10/10
  8386 | D:6      | Identified a scroll of acquirement
  8386 | D:6      | Acquired the +12 glaive of Resourcefulness {speed, rElec}
  8678 | D:7      | Found the +4 skin of Zhor {*Englaciate rC+++ SInv}
  8846 | D:7      | Reached skill level 14 in Polearms
  8909 | D:7      | Noticed Harold
  8918 | D:7      | Killed Harold
  9276 | D:7      | Reached **** piety under Trog
  9815 | D:8      | Identified the +1 chain mail of Anaesthesia {rC++ Slay+3}
 10341 | D:8      | Found a hazy altar of Hepliaklqana.
 10596 | D:9      | Found a staircase to the Lair.
 10610 | D:9      | Reached XP level 11. HP: 69/84 MP: 11/11
 10827 | D:9      | Reached skill level 15 in Polearms
 10834 | D:9      | Found a staircase to the Orcish Mines.
 10844 | D:9      | Reached skill level 1 in Throwing
 11157 | D:9      | Reached ***** piety under Trog
 12077 | D:9      | Found a basalt altar of Yredelemnul.
 12266 | Lair:1   | Entered Level 1 of the Lair of Beasts
 12296 | Lair:1   | Noticed a catoblepas
 12313 | Lair:1   | Killed a catoblepas
 12499 | Lair:1   | Reached skill level 16 in Polearms
 13169 | Lair:1   | Reached XP level 12. HP: 94/94 MP: 12/12
 13629 | Lair:1   | Identified the +0 leather armour of Poor Excuses {Rampage
                  | rF- rN+}
 13890 | Lair:2   | Found a transporter.
 13934 | Lair:2   | Found a bloodstained altar of Trog.
 13938 | Lair:2   | Found a staircase to the Shoals.
 13942 | Lair:2   | Noticed Ciovowug's ghost (journeyman DrTm)
 13948 | Lair:2   | Found a transporter.
 14142 | Lair:2   | Reached skill level 17 in Polearms
 14168 | Lair:2   | Reached skill level 10 in Dodging
 14834 | Lair:3   | Received a gift from Trog
 15368 | Lair:3   | Reached skill level 5 in Throwing
 15479 | Lair:3   | Noticed Prince Ribbit
 15500 | Lair:3   | Reached skill level 18 in Polearms
 15529 | Lair:3   | Killed Prince Ribbit
 15858 | Lair:3   | Found a hole to the Spider Nest.
 15875 | Lair:3   | Reached XP level 13. HP: 81/101 MP: 13/13
 16902 | Lair:4   | Reached skill level 10 in Stealth
 16922 | Lair:4   | Reached skill level 1 in Evocations
 17200 | Lair:4   | Reached skill level 19 in Polearms
 17212 | Lair:4   | Reached skill level 10 in Fighting
 18410 | Lair:5   | Identified the +9 spear of the Orcish Mines {vorpal, Fly
                  | Int+4 Dex+4}
 18437 | Lair:5   | Noticed Sonja
 18443 | Lair:5   | Killed Sonja
 18851 | Lair:6   | Entered Level 6 of the Lair of Beasts
 18851 | Lair:6   | Noticed a dire elephant
 18874 | Lair:6   | Killed a dire elephant
 19352 | Lair:6   | Found a staircase to the Slime Pits.
 19832 | Lair:6   | Received a gift from Trog
 19833 | Lair:6   | Reached skill level 5 in Evocations
 19876 | Lair:6   | Reached XP level 14. HP: 111/111 MP: 14/14
 20092 | Lair:6   | Reached skill level 20 in Polearms
 20645 | Lair:6   | Found a corrupted altar of Lugonu.
 20645 | Lair:6   | Found a one-way gate to the infinite horrors of the Abyss.
 21714 | Orc:1    | Entered Level 1 of the Orcish Mines
 22734 | Orc:2    | Entered Level 2 of the Orcish Mines
 22734 | Orc:2    | Noticed Josephine
 22734 | Orc:2    | Found a staircase to the Elven Halls.
 22974 | Orc:2    | Received a gift from Trog
 22983 | Orc:2    | Noticed Maurice
 22992 | Orc:2    | Killed Maurice
 23997 | Orc:2    | Noticed Rupert
 24016 | Orc:2    | Killed Rupert
 24254 | Orc:2    | Killed Josephine
 24311 | Orc:2    | Reached XP level 15. HP: 97/120 MP: 15/15
 24470 | Orc:2    | Found Yntefig's Magic Scroll Shoppe.
 24479 | Orc:2    | Found Kuokeu's Jewellery Emporium.
 24487 | Orc:2    | Found Adghi's Weapon Boutique.
 24494 | Orc:2    | Bought a scroll of blinking for 90 gold pieces
 24494 | Orc:2    | Bought a scroll of identify for 24 gold pieces
 24497 | Orc:2    | Found Weopu's General Store.
 24518 | Orc:2    | Bought a potion of haste for 110 gold pieces
 24835 | Orc:2    | Received a gift from Trog
 25211 | D:10     | Entered Level 10 of the Dungeon
 26156 | D:10     | Found an ancient bone altar of Kikubaaqudgha.
 26568 | D:10     | Found a runed translucent gate.
 26568 | D:10     | Found a runed translucent gate.
 26568 | D:10     | Found a runed translucent gate.
 26571 | D:10     | Noticed diceflayer's ghost (novice MiFi)
 26985 | D:10     | Identified the +7 glaive "Tuaga" {flame, *Noise rElec
                  | Will+} (Trog gifted it to you on level 10 of the Dungeon)
 26985 | D:10     | Received a gift from Trog
 27212 | D:10     | Killed diceflayer's ghost
 27661 | D:11     | Identified the +0 ring mail "Aghymp" {Harm Str+2}
 28343 | D:12     | Reached skill level 10 in Evocations
 28617 | D:13     | Identified the +4 quarterstaff "Dragonbane" {chaos, +Blink}
 28741 | D:13     | Found Xoxudib's General Store.
 28747 | D:13     | Bought a scroll of fear for 38 gold pieces
 28747 | D:13     | Bought a scroll of teleportation for 33 gold pieces
 28763 | D:13     | Noticed Urug
 28769 | D:13     | Killed Urug
 28924 | D:13     | Received a gift from Trog
 29919 | D:14     | Found a gate to the Vaults.
 30526 | D:14     | Found a runed translucent door.
 30531 | D:14     | Found a hide-covered altar of Uskayaw.
 31191 | D:14     | Reached skill level 10 in Throwing
 31201 | D:14     | Reached skill level 15 in Dodging
 31201 | D:14     | Reached XP level 16. HP: 128/128 MP: 16/16
 31474 | D:15     | Entered Level 15 of the Dungeon
 32315 | D:15     | Found a staircase to the Depths.
 32813 | Shoals:1 | Entered Level 1 of the Shoals
 32813 | Shoals:1 | Noticed Roxanne
 32833 | Shoals:1 | Received a gift from Trog
 32844 | Shoals:1 | Killed Roxanne
 33416 | Shoals:1 | Found Edogan's Book Shop.
 34130 | Shoals:2 | Reached ****** piety under Trog
 34288 | Shoals:2 | Identified the +8 trident of the Eel {antimagic, Dex+2}
                  | (Trog gifted it to you on level 2 of the Shoals)
 34288 | Shoals:2 | Received a gift from Trog
 34802 | Shoals:2 | Noticed a kraken
 34820 | Shoals:2 | Killed a kraken
 35266 | Shoals:3 | Found Ittathry's Distillery.
 35276 | Shoals:3 | Bought a potion of haste for 170 gold pieces
 35276 | Shoals:3 | Bought 2 potions of haste for 340 gold pieces
 35276 | Shoals:3 | Bought a potion of haste for 170 gold pieces
 35276 | Shoals:3 | Bought a potion of curing for 51 gold pieces
 35276 | Shoals:3 | Bought a potion of resistance for 170 gold pieces
 35917 | Shoals:4 | Entered Level 4 of the Shoals
 36033 | Shoals:4 | Reached XP level 17. HP: 126/139 MP: 17/17
 36408 | Shoals:4 | Received a gift from Trog
 36441 | Shoals:4 | Reached skill level 15 in Stealth
 36567 | Shoals:4 | Noticed Louise
 36803 | Shoals:4 | Killed Louise
 37384 | Shoals:4 | Noticed Polyphemus
 37392 | Shoals:4 | Killed Polyphemus
 38109 | Shoals:4 | Received a gift from Trog
 38326 | Shoals:4 | Got a barnacled rune of Zot
 38656 | Spider:1 | Entered Level 1 of the Spider Nest
 38693 | Spider:1 | Found a transporter.
 38698 | Spider:1 | Found a transporter.
 39015 | Spider:1 | Noticed Aizul
 39031 | Spider:1 | Killed Aizul
 39492 | D:5      | Found an iron altar of Okawaru.
 39500 | D:5      | Found a snail-covered altar of Cheibriados.
 39716 | Lair:2   | HP: 8/210 [spriggan rider/+1 antimagic trident (20)]
 39717 | Lair:2   | Demolished by a spriggan rider

Illustrated notes

Levels and vault maps discovered:
D:1:      amcnicky_arrival_single_pillar, layout_rooms,
          hellmonk_ecumenical_altar_inner_sanctum,
          hangedman_decor_clover_reticule
D:2:      layout_loops_ring, uniq_crazy_yiuf_cottage, uniq_sigmund
D:3:      layout_rooms, mainiacjoe_overflow_alcove_4
D:4:      kennysheep_spiral_hall, layout_loops_ring, nicolae_vehumet_radiance,
          mainiacjoe_overflow_tiny_flanked, elyvilon_altar_3,
          grunt_dithmenos_smoke, tgw_xom, minmay_temple_entry_offerings,
          grunt_ministairs_11, minmay_manual_macuahuitl
D:5:      layout_loops_ring, nicolae_overflow_crystal_walls,
          lemuel_doored_altar, led_sif_pool, jmf_multi_god_temple2,
          nicolae_underground_beach, uniq_pikel
D:6:      layout_basic, serial_shops, nicolae_shop_waterfront, minmay_pentangle,
          uniq_eustachio, uniq_blork_the_orc, uniq_menkaure
D:7:      layout_basic, hellmonk_guarded_unrand_zhor, uniq_harold
D:8:      layout_basic, general_overflow_altar, item_on_display_a
D:9:      layout_loops_ring, lemuel_mausoleum_altar_yredelemnul,
          lair_entry_dummy, zombieorc1_lemuel, hangedman_misty_isle
D:10:     wander_kiku_kobolds, layout_long_grid, gammafunk_ghost_nasty_kobolds,
          statue_in_the_mist_lemuel, glass_columns_c
D:11:     layout_rooms
D:12:     layout_rooms
D:13:     layout_roguey, serial_shops, nicolae_shop_advertising_works
          [nicolae_subvault_shop_adworks], minivault_14, uniq_urug
D:14:     layout_gridville, grunt_vaults_entry_fortified, minivault_26,
          nicolae_danse_macabre
D:15:     grunt_enter_depths_snipers, layout_long_grid
Temple:   jpeg_temple_island
Lair:1:   layout_layer_cave, nicolae_lair_grazing_beasts
          [nicolae_sub_lair_graze_edge, nicolae_sub_lair_graze_edge,
          nicolae_sub_lair_graze_edge, nicolae_sub_lair_graze_edge]
Lair:2:   layout_cave_pods, elwin_shoals_entry_rocks,
          gammafunk_ghost_wrathful_warriors, st_stairs_7, grunt_megastairs_1,
          lemuel_fruit_tree
Lair:3:   layout_cave_pods, hellmonk_spider_entry_not_the_bees,
          uniq_prince_ribbit2
Lair:4:   layout_cave_shapes, chequers_serial_rivers_marsh
Lair:5:   layout_gridlike, st_stairs_10, uniq_sonja
Lair:6:   hellmonk_lair_end_abyssal_woods, layout_gridlike,
          minmay_slime_entry_jelly_boxes
Shoals:1: layout_shoals, serial_shops, shop, uniq_roxanne
Shoals:2: layout_shoals, nicolae_shoals_elemental_ambush
Shoals:3: layout_shoals, nicolae_shoals_c_island
Shoals:4: shoals_end_hangedman, layout_shoals, hangedman_shoal_volcano,
          uniq_louise, uniq_polyphemus
Spider:1: gammafunk_boulding_lane, hellmonk_narrow_tunnel, uniq_mlioglotl,
          uniq_aizul
Orc:1:    layout_caves, basic_altar, guppyfry_library_mini
Orc:2:    st_orc_open, layout_caves, mines3_lemuel, uniq_rupert, uniq_josephine,
          uniq_maurice

Skill      XL: |  1  2  3  4  5  6  7  8  9 10 11 12 13 14 15 16 17 |
---------------+----------------------------------------------------+-----
Polearms       | 5 8 9 11 12 13 14 16 18 19 20 | 20.0
Dodging        | 3 4 6 8 9 10 12 13 15 16 17 | 17.1
Stealth        | 1 3 5 6 8 9 10 12 13 14 15 | 15.6
Shields        | 1 3 4 |  4.8
Fighting       | 4 6 7 8 9 10 11 12 14 | 14.7
Armour         | 2 3 4 |  4.8
Throwing       | 3 5 7 8 10 11 12 | 12.1
Evocations     | 5 8 11 13 14 | 14.1

Action                   |  1- 3 |  4- 6 |  7- 9 | 10-12 | 13-15 | 16-18 || total
-------------------------+-------+-------+-------+-------+-------+-------++-------
Melee: Spear             |    56 |    57 |       |       |    33 |       ||   146
       Trident           |       |    41 |   328 |    10 |       |       ||   379
       Glaive            |       |       |       |   462 |   954 |   689 ||  2105
       Tailslap          |       |       |       |     2 |     2 |    27 ||    31
Throw: Throwing net      |       |       |     1 |       |     2 |       ||     3
       Boomerang         |       |       |       |     2 |   117 |   106 ||   225
Invok: Berserk           |     3 |     6 |    16 |    13 |    13 |     8 ||    59
       Trog's Hand       |       |       |       |       |     3 |     2 ||     5
       Brothers in Arms  |       |       |       |       |     2 |     2 ||     4
Evoke: Wand              |       |       |       |       |       |     7 ||     7
       Box of beasts     |       |       |       |       |       |     1 ||     1
  Use: Scroll            |       |     8 |     4 |    12 |     9 |     6 ||    39
       Potion            |       |       |       |       |       |     1 ||     1
 Stab: Sleeping          |       |       |     4 |    29 |    36 |    23 ||    92
       Distracted        |       |       |       |     4 |     9 |     3 ||    16
       Held in net/web   |       |       |       |       |     1 |       ||     1
Armor: Animal skin       |     2 |       |       |    28 |    67 |    72 ||   169
       Ring mail         |     5 |    15 |    10 |       |       |       ||    30
       Acid dragon scale |       |       |    35 |    11 |       |       ||    46
Dodge: Dodged            |    16 |    33 |    98 |   139 |   356 |   324 ||   966
Block: Buckler           |    11 |    10 |    52 |     6 |       |       ||    79
       Reflection        |       |     1 |     4 |       |       |       ||     5
